 Dungeon Crawl Stone Soup version 0.27.1-33-g824d729ab1 (webtiles) character file.

Game seed: 6741696454015222640

31166 demibob the Carver (level 13, -2/109 HPs)
             Began as a Demonspawn Berserker on Nov 25, 2021.
             Was an Elder of Trog.
             Drowned by a drowned soul (13 damage)
             ... summoned by a merfolk avatar
             ... on level 6 of the Lair of Beasts.
             The game lasted 00:33:31 (20116 turns).

demibob the Carver (Demonspawn Berserker)          Turns: 20116, Time: 00:33:32

Health: -2/109     AC: 18    Str: 18    XL:     13   Next: 24%
Magic:  13/13      EV: 10    Int: 11    God:    Trog [****..]
Gold:   779        SH:  0    Dex: 15    Spells: 12/12 levels left

rFire    + . .     SeeInvis +   a - +1 long sword (flame)
rCold    + + .     Faith    +   (no shield)
rNeg     . . .     Spirit   .   A - +4 scale mail {rC+}
rPois    .         Reflect  .   (helmet unavailable)
rElec    .         Harm     .   u - scarf {rC+ rF+}
rCorr    .         Rampage  .   (no gloves)
Will     ++...                  (no boots)
Stlth    ..........             g - amulet of faith {!P}
HPRegen  1.28/turn              T - +4 ring of protection
MPRegen  0.13/turn              Y - +4 ring of slaying

@: strong-willed, mesmerised, regenerating, very slow
A: antennae 3, rugged brown scales 2, powered by death 1, spiny 1, black mark,
bedeviling
a: Renounce Religion, Berserk, Trog's Hand, Brothers in Arms


You were on level 6 of the Lair of Beasts.
You worshipped Trog.
Trog was greatly pleased with you.
You visited 2 branches of the dungeon, and saw 16 of its levels.
You also visited: Gauntlet and Ice Cave.

You collected 779 gold pieces.


Innate Abilities, Weirdness & Mutations

You have a pair of large antennae on your head. (SInv)
You are mostly covered in rugged brown scales. (AC +2, +5% HP)
You regenerate a little health from kills.
You are partially covered in sharp spines.
Your melee attacks may debilitate your foes.
Your hexes are more powerful.


   Skills:
 - Level 10.4 Fighting
 - Level 14.0 Long Blades
 + Level 7.3 Crossbows
 + Level 9.3 Armour
 - Level 1.7 Dodging
 - Level 5.1 Evocations


You had 12 spell levels left.
You didn't know any spells.
Your spell library was empty.

Inventory:

Hand Weapons
 a - a +1 long sword of flaming (weapon)
 z - the +6 arbalest "Damnation" {damnation}
   (You took it off a minotaur in a Gauntlet)

   Any ammunition fired from it explodes in a burst of damnation on striking a
   foe, dealing damage which bypasses armour.
Missiles
 x - a throwing net (quivered) {=f}
Armour
 u - a scarf of resistance (worn)
 A - a +4 scale mail of cold resistance (worn)
 D - a +0 plate armour of willpower
Jewellery
 e - a +4 ring of evasion
 g - an amulet of faith (around neck) {!P}
 o - an amulet of the acrobat
 v - the ring of Dishonesty {rN+ Int+5}
   (You took it off a minotaur in a Gauntlet)

   [ring of positive energy]

   Int:       It affects your intelligence (+5).
   rN:        It protects you from negative energy.
 w - a ring of willpower
 y - the amulet of Jobieb {Spirit Rampage rElec Regen+}
   (You found it in a Gauntlet)

   [amulet of guardian spirit]

   It causes incoming damage to be divided between your reserves of health and
   magic.
   rElec:     It insulates you from electricity.
   Regen:     It increases your rate of health regeneration.
   Rampage:   It bestows one free step when moving towards enemies.
 C - a ring of ice
 E - a +4 ring of evasion
 F - a ring of fire
 M - a ring of magical power
 R - a ring of resist corrosion
 T - a +4 ring of protection (left hand)
 W - a ring of willpower
 Y - a +4 ring of slaying (right hand)
Wands
 c - a wand of polymorph (14)
 m - a wand of paralysis (16)
 n - a wand of mindburst (15)
 s - a wand of flame (46)
 K - a wand of digging (2)
 L - a wand of iceblast (12)
Scrolls
 b - a scroll of teleportation {@r2}
 d - a scroll of blinking
 f - 5 scrolls of enchant armour
 j - 2 scrolls of magic mapping
 q - a scroll of enchant weapon
 t - a scroll of summoning
 J - 2 scrolls of identify {@r1}
Potions
 h - a potion of cancellation
 i - 3 potions of flight
 k - 2 potions of curing {@q1}
 l - 2 potions of haste {@q3}
 p - 2 potions of lignification
 H - a potion of berserk rage {!q}
 I - 5 potions of attraction
Miscellaneous
 r - a box of beasts
 B - a phantom mirror

Dungeon Overview and Level Annotations

Branches:
Dungeon (10/15)            Temple (0/1) D:5            Lair (6/6) D:9
 Shoals (0/4) Lair:2       Spider (0/4) Lair:3        Slime (0/5) Lair:5
  IceCv (visited)         Gauntlet (visited)
    Orc: D:9-12

Altars:
Ashenzari
Gozag
Vehumet
Jiyva

Shops:
D:4 :   D:8 *

Annotations:
D:2 1 runed translucent door, Crazy Yiuf
Lair:5 1 runed translucent door

≈≈≈≈≈≈≈≈≈.≈▒≈≈≈≈
▒▒▒▒▒▒▒▒≈≈≈▒▒▒▒▒ ▒≈≈
▒⌠≈≈≈≈.≈≈.⌠▒..≈≈≈≈ ≈
▒≈≈▒≈..▒≈≈≈▒≈.≈≈≈≈. ≈.
▒≈≈≈≈≈≈≈≈≈≈▒≈≈≈≈≈≈
≈≈≈▒≈8▒▒≈▒▒≈8≈▒≈▒≈≈≈▒ ≈.
≈≈P≈≈≈▒!!!!▒≈≈.≈P≈▒≈▒▒≈..
≈.≈≈≈≈≈$≈m(▒.P▒.≈≈≈≈≈≈....
≈.≈≈≈P≈)≈≈@≈▒≈≈▒.≈≈≈≈≈≈...
≈≈.≈≈≈▒)$|}≈.≈≈.P≈▒≈≈≈....
≈▒≈▒≈.▒.▒▒▒▒8.▒.≈≈≈≈≈▒....
≈≈ ▒≈≈≈≈≈≈≈≈≈≈▒≈≈≈≈≈≈≈≈..
≈ ▒≈≈P≈≈≈≈≈≈≈▒.≈≈≈≈≈≈≈..
▒⌠≈≈≈≈≈≈≈≈⌠▒8≈≈≈≈▒▒≈. .
▒▒▒▒▒▒▒▒▒▒▒▒▒▒▒≈≈≈▒≈...
.≈≈≈≈≈≈≈≈≈≈≈≈≈≈≈...
≈P.≈≈≈≈≈≈≈≈≈≈..≈...


You could see a merfolk avatar (mesmerising).


Message History

The merfolk avatar is heavily wounded.
Your unstable footing causes you to fumble your attack.
The drowned soul is struck by your spines.
The drowned soul touches you. The drowned soul drowns you!
* * * LOW HITPOINT WARNING * * *
The merfolk avatar chants its luring song.
You are too injured to fight recklessly!
You are too injured to fight recklessly!
You hit the merfolk avatar. You burn the merfolk avatar.
The merfolk avatar is heavily wounded.
The merfolk avatar chants its luring song.
You slash the merfolk avatar! You burn the merfolk avatar.
The merfolk avatar is severely wounded.
You slash the merfolk avatar! You burn the merfolk avatar.
The merfolk avatar is almost dead.
The drowned soul touches you. The drowned soul drowns you!
* * * LOW HITPOINT WARNING * * *
You completely miss the merfolk avatar.
The merfolk avatar is almost dead.
The drowned soul touches you. The drowned soul drowns you!
* * * LOW HITPOINT WARNING * * *
The drowned soul touches you. The drowned soul drowns you!
* * * LOW HITPOINT WARNING * * *
The merfolk avatar chants its luring song.
Your unstable footing causes you to fumble your attack.
Okay, then.
You barely miss the merfolk avatar.
The merfolk avatar is almost dead.
The drowned soul touches you. The drowned soul drowns you!
You die...

Skill      XL: |  1  2  3  4  5  6  7  8  9 10 11 12 13 |
---------------+----------------------------------------+-----
Long Blades    | 3 4 5 6 8 9 10 11 12 13 14 | 14.0
Armour         | 3 4 6 8 9 |  9.3
Fighting       | 4 7 9 10 | 10.4
Evocations     | 3 5 |  5.1
Crossbows      | 2 6 7 |  7.3
Dodging        | |  1.7

Action                   |  1- 3 |  4- 6 |  7- 9 | 10-12 | 13-15 || total
-------------------------+-------+-------+-------+-------+-------++-------
Melee: Falchion          |   105 |   151 |   166 |       |       ||   422
       Long sword        |       |       |    67 |   591 |   108 ||   766
Invok: Berserk           |     1 |     3 |     5 |    11 |     1 ||    21
       Trog's Hand       |       |       |       |     4 |     2 ||     6
       Brothers in Arms  |       |       |       |     3 |     1 ||     4
Evoke: Wand              |       |       |     1 |       |     2 ||     3
  Use: Scroll            |     5 |     3 |     9 |    12 |     1 ||    30
       Potion            |       |       |     2 |     7 |     5 ||    14
 Stab: Sleeping          |       |     1 |     1 |       |       ||     2
       Paralysed         |       |       |     6 |       |     3 ||     9
       Invisible         |       |       |       |     2 |       ||     2
       Petrified         |       |       |       |     6 |       ||     6
Armor: Animal skin       |    31 |    18 |     9 |       |       ||    58
       Ring mail         |       |       |    91 |   143 |       ||   234
       Scale mail        |       |       |       |   149 |    56 ||   205
Dodge: Dodged            |    62 |   136 |   125 |   258 |    29 ||   610
       Rpst.: Falchion   |    18 |    43 |    26 |       |       ||    87
       Long sword        |       |       |    13 |    53 |     6 ||    72

Levels and vault maps discovered:
D:1:      dpeg_arrival_circle_labyrinth_a, layout_loops_corners,
          ebering_ecumenical_altar_sacrificial
D:2:      layout_loops_ring, basic_altar, uniq_crazy_yiuf_cottage
D:3:      layout_rooms
D:4:      layout_loops_ring, minmay_shop_grid_forest
D:5:      layout_rooms, mainiacjoe_overflow_alcove_1,
          minmay_temple_entry_slanted
D:6:      layout_rooms, lemuel_old_faithful
D:7:      cheibrodos_fzero, layout_basic, grunt_decor_junction
D:8:      layout_gridville, nicolae_transmutations_shop
D:9:      layout_basic, dpeg_oklobed_lair, serial_aquarium,
          aquarium_bridge_square [aquarium_subvault_wall,
          aquarium_subvault_wall, aquarium_subvault_bridge,
          aquarium_subvault_window], aquarium_window_1, aquarium_window_3,
          aquarium_window_corner, aquarium_view_2e, aquarium_balcony_3b,
          aquarium_pool_2
D:10:     layout_loops_corners, david_orc_2
Lair:1:   layout_cave_pods, portal_ice_cave_rime, basic_altar
Lair:2:   layout_regular_city, elwin_shoals_entry_rooms, grunt_megastairs_4,
          infiniplex_staircase_pool
Lair:3:   layout_regular_city, dummy_spider_entry, gauntlet_entry_generic,
          infiniplex_staircase_pool_2, lemuel_fruit_fields
Lair:4:   layout_cave_pods, lemuel_fruit_fields
Lair:5:   layout_gridlike, slime_altar_2, grunt_megastairs_3
Lair:6:   gammafunk_lair_ancient_temple, layout_regular_city,
          gammafunk_ghost_hydra_chop, uniq_urug

Notes
Turn   | Place    | Note
-------+----------+-------------------------------------------
     0 | D:1      | demibob the Demonspawn Berserker began the quest for the
                  | Orb.
     0 | D:1      | Reached XP level 1. HP: 18/18 MP: 1/1
    59 | D:1      | Found a faded altar of an unknown god.
   330 | D:1      | Reached skill level 3 in Long Blades
   702 | D:1      | Gained mutation: You have a pair of small antennae on your
                  | head. [demonic ancestry]
   702 | D:1      | Reached XP level 2. HP: 21/24 MP: 2/2
  1304 | D:1      | Gained mutation: You have a pair of antennae on your head.
                  | [demonic ancestry]
  1304 | D:1      | Reached XP level 3. HP: 24/29 MP: 3/3
  1590 | D:1      | Reached skill level 4 in Long Blades
  2082 | D:2      | Found a radiant altar of Vehumet.
  2132 | D:2      | Reached ** piety under Trog
  2139 | D:2      | Gained mutation: You have a pair of large antennae on your
                  | head. (SInv) [demonic ancestry]
  2139 | D:2      | Reached XP level 4. HP: 29/35 MP: 4/4
  2652 | D:2      | Found a runed translucent door.
  2653 | D:2      | Noticed Crazy Yiuf
  3366 | D:3      | Reached skill level 5 in Long Blades
  3372 | D:3      | Gained mutation: You are partially covered in rugged brown
                  | scales. (AC +1, +3% HP) [demonic ancestry]
  3372 | D:3      | Reached XP level 5. HP: 42/42 MP: 5/5
  3794 | D:3      | Reached *** piety under Trog
  4055 | D:4      | Found Evvanlus's Book Boutique.
  4060 | D:4      | Reached skill level 6 in Long Blades
  4077 | D:4      | Reached XP level 6. HP: 27/48 MP: 6/6
  5011 | D:5      | Entered Level 5 of the Dungeon
  5011 | D:5      | Noticed a two-headed ogre
  5022 | D:5      | Killed a two-headed ogre
  5023 | D:5      | Reached skill level 8 in Long Blades
  5023 | D:5      | Gained mutation: You are mostly covered in rugged brown
                  | scales. (AC +2, +5% HP) [demonic ancestry]
  5023 | D:5      | Reached XP level 7. HP: 19/54 MP: 7/7
  5251 | D:5      | Reached skill level 9 in Long Blades
  5251 | D:5      | Reached XP level 8. HP: 27/60 MP: 8/8
  5467 | D:5      | Found a staircase to the Ecumenical Temple.
  5519 | D:5      | HP: 7/90 [wyvern zombie (8)]
  5967 | D:5      | Found an opulent altar of Gozag.
  6387 | D:6      | Reached skill level 2 in Armour
  6425 | D:6      | Identified the +2 hunting sling of Etizalu {speed, Fly
                  | Str+3}
  6741 | D:6      | Identified a scroll of acquirement
  6741 | D:6      | Acquired a scarf of resistance
  7138 | D:7      | Reached skill level 4 in Fighting
  7138 | D:7      | Reached skill level 3 in Armour
  7146 | D:7      | Reached skill level 10 in Long Blades
  7264 | D:7      | Gained mutation: You regenerate a little health from kills.
                  | [demonic ancestry]
  7264 | D:7      | Reached XP level 9. HP: 51/69 MP: 9/9
  7435 | D:7      | Noticed a two-headed ogre
  7438 | D:7      | Noticed a two-headed ogre
  7444 | D:7      | Killed a two-headed ogre
  7444 | D:7      | Reached **** piety under Trog
  7445 | D:7      | Reached skill level 5 in Fighting
  7445 | D:7      | Reached skill level 4 in Armour
  7445 | D:7      | Noticed a troll
  7753 | D:7      | Reached skill level 6 in Fighting
  8020 | D:7      | Killed a troll
  8021 | D:7      | Reached skill level 7 in Fighting
  8021 | D:7      | Reached skill level 11 in Long Blades
  8061 | D:7      | Killed a two-headed ogre
  8062 | D:7      | Gained mutation: Your hexes are more powerful. [demonic
                  | ancestry]
  8062 | D:7      | Reached XP level 10. HP: 48/82 MP: 10/10
  8808 | D:8      | Noticed a cyan ugly thing
  8830 | D:8      | Killed a cyan ugly thing
  8831 | D:8      | Reached skill level 8 in Fighting
  9125 | D:8      | Found Owemipi's Changing Room.
  9590 | D:9      | Identified the +6 chain mail of Rotation {*Slow Int+3}
  9918 | D:9      | Found a staircase to the Lair.
 10488 | D:10     | Entered Level 10 of the Dungeon
 10613 | D:10     | Reached skill level 1 in Evocations
 10625 | D:10     | Reached skill level 2 in Evocations
 10635 | D:10     | Reached skill level 12 in Long Blades
 10639 | D:10     | Reached skill level 9 in Fighting
 10859 | Lair:1   | Entered Level 1 of the Lair of Beasts
 10901 | Lair:1   | Reached skill level 3 in Evocations
 11031 | Lair:1   | Found a broken altar of Ashenzari.
 11107 | Lair:1   | Found a frozen archway.
 11127 | IceCv    | Entered an ice cave
 11197 | Lair:1   | Noticed a black mamba
 11206 | Lair:1   | Killed a black mamba
 11206 | Lair:1   | Reached ***** piety under Trog
 11207 | Lair:1   | Reached XP level 11. HP: 46/93 MP: 11/11
 12093 | Lair:2   | Reached skill level 4 in Evocations
 12554 | Lair:2   | Reached skill level 5 in Evocations
 13320 | Lair:2   | Reached skill level 10 in Fighting
 13533 | Lair:2   | Found a staircase to the Shoals.
 14256 | Lair:3   | Noticed a six-headed hydra
 14267 | Lair:3   | Killed a one-headed hydra
 14268 | Lair:3   | Reached skill level 5 in Armour
 14271 | Lair:3   | Found a gate leading to a gauntlet.
 14278 | Gauntlet | Entered a Gauntlet
 14278 | Gauntlet | Noticed an oklob plant
 14278 | Gauntlet | Found a transporter.
 14278 | Gauntlet | Found a transporter.
 14278 | Gauntlet | Found a runed translucent gate.
 14546 | Gauntlet | Found a runed translucent gate.
 14551 | Gauntlet | Found a runed translucent gate.
 14558 | Gauntlet | Found a transporter.
 14562 | Gauntlet | Found a transporter.
 14571 | Gauntlet | Found a transporter.
 14574 | Gauntlet | Found a transporter.
 14582 | Gauntlet | Found a transporter.
 14595 | Gauntlet | Found a runed translucent door.
 14599 | Gauntlet | Found a transporter.
 14612 | Gauntlet | Found a transporter.
 14616 | Gauntlet | Found a transporter.
 14616 | Gauntlet | Noticed a fire crab
 14624 | Gauntlet | Found a transporter.
 14628 | Gauntlet | Found a transporter.
 14830 | Gauntlet | Identified the amulet of Jobieb {Spirit Rampage rElec
                  | Regen+}
 14972 | Gauntlet | Identified the ring of Dishonesty {rN+ Int+5}
 14972 | Gauntlet | Noticed a minotaur
 14980 | Gauntlet | Killed a minotaur
 15003 | Gauntlet | Identified the +1 leather armour of Ydept {+Blink Str+4
                  | Slay+2}
 15113 | Lair:3   | Reached skill level 1 in Crossbows
 15331 | Lair:3   | Reached skill level 13 in Long Blades
 15331 | Lair:3   | Reached skill level 2 in Crossbows
 15331 | Lair:3   | Reached skill level 6 in Armour
 15565 | Lair:3   | Found a hole to the Spider Nest.
 16238 | Lair:4   | Gained mutation: You are partially covered in sharp spines.
                  | [demonic ancestry]
 16238 | Lair:4   | Reached XP level 12. HP: 95/102 MP: 12/12
 16419 | Lair:4   | Reached skill level 3 in Crossbows
 17377 | Lair:5   | Found a runed translucent door.
 17378 | Lair:5   | Found a viscous altar of Jiyva.
 17379 | Lair:5   | Noticed an acid blob
 17501 | Lair:5   | Noticed an eight-headed hydra
 17510 | Lair:5   | Killed a three-headed hydra
 17511 | Lair:5   | Reached skill level 4 in Crossbows
 17511 | Lair:5   | Reached skill level 7 in Armour
 18305 | Lair:5   | Found a staircase to the Slime Pits.
 18355 | Lair:6   | Entered Level 6 of the Lair of Beasts
 18406 | Lair:6   | Reached skill level 5 in Crossbows
 18501 | Lair:6   | Noticed a catoblepas
 18519 | Lair:6   | Killed a catoblepas
 18647 | Lair:6   | Paralysed by a hornet for 2 turns
 18660 | Lair:6   | Received a gift from Trog
 18661 | Lair:6   | Reached skill level 8 in Armour
 18698 | Lair:6   | Noticed a seven-headed hydra
 18711 | Lair:6   | Killed a five-headed hydra
 18858 | Lair:6   | Noticed a four-headed hydra
 18865 | Lair:6   | Reached skill level 6 in Crossbows
 18866 | Lair:6   | Noticed a boulder beetle
 18870 | Lair:6   | Killed a one-headed hydra
 18878 | Lair:6   | Killed a boulder beetle
 18879 | Lair:6   | Reached skill level 14 in Long Blades
 18945 | Lair:6   | Noticed a dire elephant
 18963 | Lair:6   | Killed a dire elephant
 18964 | Lair:6   | Gained mutation: Your melee attacks may debilitate your
                  | foes. [demonic ancestry]
 18964 | Lair:6   | Reached XP level 13. HP: 48/109 MP: 13/13
 19542 | Lair:6   | Reached skill level 9 in Armour
 19548 | Lair:6   | Reached skill level 7 in Crossbows
 19856 | Lair:6   | HP: 7/109 [drowned by a drowned soul[a merfolk avatar]
                  | (12)]
 20114 | Lair:6   | HP: 9/109 [drowned by a drowned soul[a merfolk avatar]
                  | (17)]
 20116 | Lair:6   | Drowned by a drowned soul

Vanquished Creatures
  A boulder beetle (Lair:6)
  4 hydras
  3 two-headed ogres
  A catoblepas (Lair:6)
  A fire crab (Lair:5)
  A sea snake (Lair:6)
  An ugly thing (D:8)
  A manticore (Lair:6)
  6 elephants
  3 black mambas
  5 cane toads
  5 komodo dragons
  6 rime drakes
  A merfolk (Lair:2)
  A troll (D:7)
  4 polar bears
  8 blink frogs
  2 wind drakes (Lair:6)
  2 hornets (Lair:6)
  A raiju (Gauntlet)
  7 dream sheep (Lair:6)
  2 flying skulls (Gauntlet)
  24 yaks
  A wraith (D:7)
  3 wyverns
  2 steam dragons
  4 basilisks
  10 water moccasins
  A hornet zombie (D:7)
  An orc warrior (D:10)
  5 black bears
  An ogre (D:6)
  2 ice beasts
  A necrophage (D:7)
  3 wolves (Lair:4)
  A phantom (D:7)
  3 centaurs
  12 bullfrogs
  A wyvern zombie (D:5)
  3 scorpions
  A water moccasin zombie (D:7)
  3 killer bees (D:9)
  4 howler monkeys
  3 electric eels (Lair:2)
  3 bullfrog zombies
  2 centaur zombies
  A hound (D:4)
  A gnoll shaman (D:6)
  2 jellies
  3 orc priests
  2 orc wizards
  An iguana (D:6)
  4 hell rats (Lair:5)
  A killer bee zombie (D:9)
  A hound skeleton (D:4)
  2 howler monkey zombies
  9 adders
  9 gnolls
  2 white imps
  An ufetubus (D:6)
  2 worms
  A dart slug (D:1)
  20 orcs
  8 endoplasms
  A giant cockroach (D:2)
  7 hobgoblins
  2 jackals (D:1)
  A quokka (D:2)
  9 ball pythons
  8 bats
  2 frilled lizards
  5 goblins
  6 kobolds
  2 rats
  A butterfly (Lair:4)
274 creatures vanquished.

Vanquished Creatures (collateral kills)
  A dire elephant (Lair:6)
  A minotaur (Gauntlet)
  A manticore (Lair:6)
  A komodo dragon (Lair:6)
  A rime drake (Lair:6)
5 creatures vanquished.

Vanquished Creatures (others)
  A black bear (D:7)
  A phantom (D:6)
  A gnoll (D:6)
  34 fungi
  47 plants
84 creatures vanquished.

Grand Total: 363 creatures vanquished

Table legend: (Time is in decaauts)
 A = Elapsed time spent in this place.
 B = Non-inter-level travel time spent in this place.
 C = Inter-level travel time spent in this place.
 D = Time resting spent in this place.
 E = Time spent auto-exploring this place.
 F = Levels seen in this place.
 G = Mean time per level.
                   A        B        C        D        E       F      G
               +--------+--------+--------+--------+--------+-----+--------+
         Total |  20113 |  19438 |    675 |   3050 |  13865 |  18 | 1117.4 |
       Dungeon |  10927 |  10372 |    555 |   1795 |   7317 |  10 | 1092.7 |
          Lair |   8433 |   8313 |    120 |   1148 |   6165 |   6 | 1405.5 |
      Ice Cave |      2 |      2 |      0 |      0 |      0 |   1 |    2.0 |
      Gauntlet |    749 |    749 |      0 |    106 |    383 |   1 |  749.0 |
               +--------+--------+--------+--------+--------+-----+--------+

Top non-repeatable levels by time:
  Lair:2: 2198 daAuts
     D:1: 2043 daAuts
  Lair:6: 1757 daAuts
     D:7: 1516 daAuts
     D:2: 1325 daAuts
     D:4: 1287 daAuts
  Lair:5: 1227 daAuts
     D:9: 1219 daAuts
  Lair:1: 1162 daAuts
  Lair:3: 1110 daAuts
     D:5: 1053 daAuts
  Lair:4: 978 daAuts
     D:8: 847 daAuts
     D:6: 778 daAuts
Gauntlet: 749 daAuts

Table legend:
 A = Non-vault XP
 B = Vault XP
 C = Vault XP percentage of total XP
 D = Non-vault monster count
 E = Vault monster count
 F = Vault count percentage of total count
                 A         B        C        D         E       F
            +---------+---------+-------+---------+---------+-------
      Total |   30549 |   13974 |  31.4 |     234 |      44 |  15.8
            +---------+---------+-------+---------+---------+-------
        D:1 |      56 |       0 |   0.0 |      27 |       0 |   0.0
        D:2 |     100 |       0 |   0.0 |      21 |       0 |   0.0
        D:3 |     100 |       0 |   0.0 |      19 |       0 |   0.0
        D:4 |     236 |       0 |   0.0 |      19 |       0 |   0.0
        D:5 |    1301 |       0 |   0.0 |       9 |       0 |   0.0
        D:6 |     472 |       0 |   0.0 |      14 |       0 |   0.0
        D:7 |     695 |    3209 |  82.2 |       7 |      15 |  68.2
        D:8 |    1352 |       0 |   0.0 |       8 |       0 |   0.0
        D:9 |     349 |       0 |   0.0 |       6 |       0 |   0.0
       D:10 |    1913 |       0 |   0.0 |      13 |       0 |   0.0
     Lair:1 |     739 |     715 |  49.2 |       4 |       2 |  33.3
     Lair:2 |    3716 |     761 |  17.0 |      15 |       2 |  11.8
     Lair:3 |    4591 |       0 |   0.0 |      19 |       0 |   0.0
     Lair:4 |    1301 |       0 |   0.0 |       9 |       0 |   0.0
     Lair:5 |    3799 |    1103 |  22.5 |      15 |       5 |  25.0
     Lair:6 |    9829 |    6843 |  41.0 |      29 |      16 |  35.6
   Gauntlet |       0 |    1343 | 100.0 |       0 |       4 | 100.0
            +---------+---------+-------+---------+---------+-------
